 Dungeon Crawl Stone Soup version 0.26-a0-662-g8b9c6dab81 (webtiles) character file.

Game seed: 11644722506810580174

78295 halkony2012 the Warrior (level 15, -3/150 HPs)
             Began as a Minotaur Fighter on Oct 8, 2020.
             Was a High Priest of Okawaru.
             Slain by an orc warrior
             ... wielding a +0 glaive
              (12 damage)
             ... on level 2 of the Orcish Mines on Oct 9, 2020.
             The game lasted 01:03:32 (20991 turns).

halkony2012 the Warrior (Minotaur Fighter)         Turns: 20991, Time: 01:03:33

Health: -3/150     AC: 21    Str: 26    XL:     15   Next: 17%
Magic:  17/17      EV: 16    Int:  9    God:    Okawaru [*****.]
Gold:   1986       SH: 20    Dex: 17    Spells: 14/14 levels left

rFire    x . .     SeeInvis .   Y - +6 broad axe (vamp)
rCold    + . .     Faith    .   c - +0 kite shield
rNeg     . . .     Spirit   .   b - +2 scale mail of Gluttony {Harm rC+ Int+2 Slay+3}
rPois    .         Reflect  +   (helmet restricted)
rElec    +         Harm     +   w - scarf {repulsion}
rCorr    .         Rampage  .   y - +1 pair of gloves of Bedevilment {rElec rF- MR++}
MR       +++..                  h - +2 pair of boots
Stlth    ..........             z - amulet of reflection
HPRegen  0.35/turn              R - +6 ring of dexterity
MPRegen  0.15/turn              x - ring "Eneush" {+Fly AC+4 Int+2}

@: repel missiles
A: retaliatory headbutt, horns 2
a: Heroism, Finesse, Renounce Religion, Evoke Flight


You were on level 2 of the Orcish Mines.
You worshipped Okawaru.
Okawaru was extremely pleased with you.
You visited 4 branches of the dungeon, and saw 23 of its levels.

You collected 2035 gold pieces.
You spent 49 gold pieces at shops.

Inventory:

Hand Weapons
 S - a +2 vampiric war axe
 Y - a +6 vampiric broad axe (weapon)
Armour
 b - the +2 scale mail of Gluttony (worn) {Harm rC+ Int+2 Slay+3}
   (Okawaru gifted it to you on level 2 of the Lair of Beasts)

   It affects your intelligence (+2).
   It affects your accuracy and damage with ranged weapons and melee attacks
   (+3).
   It protects you from cold.
   It increases damage dealt and taken.
 c - a +0 kite shield (worn)
 h - a +2 pair of boots (worn)
 v - a +0 buckler
 w - a scarf of repulsion (worn)
 y - the +1 pair of gloves of Bedevilment (worn) {rElec rF- MR++}
   (You acquired it on level 13 of the Dungeon)

   It makes you vulnerable to fire.
   It insulates you from electricity.
   It affects your resistance to hostile enchantments.
 C - a +1 pair of gloves
Jewellery
 a - an uncursed ring of protection from cold
 e - an uncursed amulet of regeneration
 q - an uncursed ring of resist corrosion
 x - the ring "Eneush" (right hand) {+Fly AC+4 Int+2}
   (You acquired it on level 13 of the Dungeon)

   [ring of protection]

   It affects your AC (+4).
   It affects your intelligence (+2).
   It lets you fly.
 z - an amulet of reflection (around neck)
 Q - an uncursed ring of stealth {unknown}
 R - a +6 ring of dexterity (left hand)
Wands
 d - a wand of polymorph (6)
 j - a wand of flame (49)
 G - a wand of iceblast (26)
 K - a wand of disintegration (50)
 P - a wand of random effects (21)
Scrolls
 f - 2 scrolls of blinking
 g - a scroll of silence {unknown}
 k - 5 scrolls of fog
 m - 3 scrolls of fear
 o - 13 scrolls of teleportation
 A - 8 scrolls of remove curse
 D - 3 scrolls of torment
 F - 4 scrolls of magic mapping
 H - 8 scrolls of identify
 L - 2 scrolls of enchant weapon
 M - a scroll of amnesia
 X - a scroll of holy word
 Z - 2 scrolls of enchant armour
Potions
 i - 2 potions of heal wounds
 l - 3 potions of mutation
 n - 3 potions of brilliance
 p - 12 potions of curing
 r - 3 potions of flight
 s - a potion of stabbing {unknown}
 t - 8 potions of degeneration
 u - 5 potions of lignification
 B - 2 potions of resistance
 E - 2 potions of invisibility
 I - 2 potions of berserk rage
 J - a potion of might
 N - 3 potions of haste
 O - a potion of cancellation {unknown}
 W - a potion of ambrosia


   Skills:
 + Level 18.4 Fighting
 - Level 14.0 Axes
 - Level 12.1 Armour
 * Level 9.1 Dodging
 - Level 0.1 Stealth
 - Level 15.0 Shields
 - Level 4.6 Invocations


You had 14 spell levels left.
You didn't know any spells.
Your spell library contained the following spells:

 Spells                   Type           Power        Failure   Level
 Animate Skeleton         Necr           #.....       61%         1
 Apportation              Tloc           #.....       61%         1
 Beastly Appendage        Tmut           #.....       61%         1
 Corona                   Hex            #......      61%         1
 Foxfire                  Conj/Fire      #...         61%         1
 Freeze                   Ice            #...         61%         1
 Magic Dart               Conj           #...         61%         1
 Pain                     Necr           #...         61%         1
 Shock                    Conj/Air       #...         61%         1
 Summon Small Mammal      Summ           #...         61%         1
 Blink                    Tloc           N/A          75%         2
 Call Imp                 Summ           #.......     75%         2
 Poisonous Vapours        Pois/Air       #.....       75%         2
 Slow                     Hex            #.......     75%         2
 Swiftness                Air            #.......     75%         2
 Wereblood                Tmut           #.......     75%         2
 Confusing Touch          Hex            #.......     93%         3
 Conjure Flame            Conj/Fire      #.......     93%         3
 Frozen Ramparts          Ice            #.....       93%         3
 Gell's Gravitas          Tloc           #.........   93%         3
 Inner Flame              Hex/Fire       #.......     93%         3
 Mephitic Cloud           Conj/Pois/Air  #.......     93%         3
 Ozocubu's Armour         Ice            #.......     93%         3
 Spider Form              Tmut/Pois      #.........   93%         3
 Static Discharge         Conj/Air       #.......     93%         3
 Vampiric Draining        Necr           #.........   93%         3
 Airstrike                Air            #.........   100%        4
 Animate Dead             Necr           #.........   100%        4
 Hailstorm                Conj/Ice       #.......     100%        4
 Ice Form                 Ice/Tmut       #.......     100%        4
 Petrify                  Tmut/Erth      #.......     100%        4
 Sticky Flame             Conj/Fire      #.......     100%        4
 Summon Ice Beast         Ice/Summ       #.......     100%        4
 Agony                    Necr           #.......     100%        5
 Blade Hands              Tmut           #.........   100%        5
 Fireball                 Conj/Fire      #.........   100%        5
 Lightning Bolt           Conj/Air       #.........   100%        5
 Metabolic Englaciation   Hex/Ice        #.........   100%        5
 Yara's Violent Unravell  Hex/Tmut       #.........   100%        5
 Freezing Cloud           Conj/Ice/Air   #.........   100%        6


Dungeon Overview and Level Annotations

Branches:
Dungeon (15/15)            Temple (1/1) D:7            Lair (5/6) D:11
  Swamp (0/4) Lair:2       Spider (0/4) Lair:2        Slime (0/5) Lair:5
    Orc (2/2) D:12            Elf (0/3) Orc:2        Vaults (0/5) D:13
 Depths (0/5) D:15

Altars:
Ashenzari
Cheibriados
Dithmenos
Elyvilon
Fedhas
Gozag
Hepliaklqana
Kikubaaqudgha
Makhleb
Nemelex Xobeh
Okawaru
Qazlal
Ru
Sif Muna
Trog
Uskayaw
Vehumet
Wu Jian
Xom
Yredelemnul
Zin
The Shining One

Shops:
D:4 [

Annotations:
D:7 exclusion: upstairs
Lair:4 2 transporters, Fifowuza's ghost, journeyman DrTm
Orc:2 Azrael


Innate Abilities, Weirdness & Mutations

You reflexively headbutt those who attack you in melee.
You have a pair of horns on your head.


Message History

The sphere of damnation explodes!
The damnation engulfs you!
* * * LOW HITPOINT WARNING * * *
An orc comes into view.
The fire elemental moves out of view.
The orc wizard moves out of view.
The orc moves out of view.
The orc warrior shouts!
You hear a shout!
Items here: ) †††.
You are too injured to fight recklessly!
Press: ? - help, Dir - move target cursor
As you read the scroll of blinking, it crumbles to dust. 4 orcs, an orc warrior and a two-headed ogre come into view.
The orc warrior is wielding a +3 flail of holy wrath.
An orc is wielding a +0 short sword of speed.
The two-headed ogre shouts in stereo!
The orc shouts!
The orc warrior shouts!
The orc shouts! x2
The orc no longer looks unusually strong.
The hell hound breathes flames at you. The blast of flame hits you!!
The fire burns you terribly!
* * * LOW HITPOINT WARNING * * *
The orc warrior hits you from afar with a +0 glaive!
You die...

.# ... ... ## ##..#
....##.#....
....#......
.....#.... #......#
##.....# #..
#....@# ...
...o....#.##.#.
#....ohoh. ...
....oO.h...o.#
..$....°.h.#.##
.oO..o.°ER#T..####
#
..o.o○.E##.#(###.##
...
o.(.o#○#.(.§###...#
..# #$ooo..####..##
..#


You could see Azrael, 2 two-headed ogres, a troll (fleeing), 2 fire elementals,
2 orc warriors, 4 hell hounds, an orc wizard (strong) and 7 orcs.

Vanquished Creatures
  2 entropy weavers (D:13)
  3 stone giants
  Nessos (D:14)
  Snorg (Lair:3)
  5 boulder beetles
  3 hydras
  7 centaur warriors
  3 two-headed ogres
  A queen ant (D:13)
  An orc high priest (Orc:1)
  3 unseen horrors
  A glowing orange brain (D:15)
  An unseen horror (shapeshifter) (D:15)
  A wizard (D:14)
  Pikel (D:4)
  A wolf spider (shapeshifter) (D:15)
  An orc knight (D:13)
  4 cyclopes
  A salamander (shapeshifter) (D:15)
  2 manticores
  5 ugly things
  5 elephants (Lair:3)
  3 black mambas
  Psyche (D:8)
  Joseph (D:8)
  A gargoyle (D:11)
  A rime drake (Lair:2)
  4 centaur skeletons
  10 cane toads
  3 kobold demonologists
  A redback zombie (D:15)
  11 komodo dragons
  4 trolls
  3 meliai (D:12)
  2 polar bears (Lair:3)
  8 slime creatures (D:15)
  Prince Ribbit (D:8)
  16 blink frogs
  3 hornets
  6 dream sheep (Lair:5)
  A raiju (shapeshifter) (D:15)
  A meliai zombie (D:13)
  A shadow (D:15)
  7 vampires
  3 wraiths
  7 wyverns
  A fire elemental (Orc:2)
  4 basilisks
  A human (shapeshifter) (D:15)
  2 fire bats (Lair:4)
  16 humans (D:13)
  3 vampire mosquitoes (D:15)
  34 yaks
  3 wargs
  11 soldier ants (D:13)
  17 water moccasins
  Duvessa (D:5)
  An acid dragon (D:8)
  18 orc warriors
  A swamp drake (D:12)
  4 sky beasts
  3 ice beasts
  3 black bears
  3 eyes of draining
  15 ogres
  2 eyes of draining (shapeshifter) (D:15)
  7 phantoms
  7 wolves
  23 centaurs
  A lemure (D:4)
  A big kobold (D:11)
  A gnoll sergeant (D:6)
  23 bullfrogs
  A wyvern zombie (D:14)
  Dowan (D:5)
  5 scorpions
  A wyvern skeleton (D:6)
  12 wights
  An electric eel (D:11)
  5 howler monkeys
  6 centaur zombies
  4 jellies
  2 quasits
  10 hounds
  A bullfrog zombie (D:7)
  7 orc priests
  17 orc wizards
  2 bullfrog skeletons
  6 iguanas
  31 worker ants
  A hound skeleton (D:6)
  A howler monkey zombie (D:8)
  A worker ant zombie (D:9)
  7 gnolls (D:6)
  9 adders
  A white imp (D:10)
  3 ufetubi
  2 oozes
  2 adder skeletons
  6 worms
  3 dart slugs
  3 leopard geckos
  81 orcs
  17 bats
  6 giant cockroaches
  8 goblins
  5 hobgoblins
  18 jackals
  11 kobolds
  7 quokkas
  2 ball pythons
  14 frilled lizards
  A jackal zombie (D:6)
  A leopard gecko skeleton (D:5)
  A leopard gecko zombie (D:5)
  A quokka skeleton (D:6)
  A quokka zombie (D:7)
  7 rats
690 creatures vanquished.

Vanquished Creatures (others)
  A rakshasa (D:15)
  A vampire (D:11)
  8 fungi
  5 plants
15 creatures vanquished.

Grand Total: 705 creatures vanquished

Notes
Turn   | Place    | Note
-------+----------+-------------------------------------------
     0 | D:1      | halkony2012 the Minotaur Fighter began the quest for the
                  | Orb.
     0 | D:1      | Reached XP level 1. HP: 19/19 MP: 0/0
   160 | D:1      | Reached skill level 4 in Fighting
   160 | D:1      | Reached XP level 2. HP: 17/27 MP: 1/1
   426 | D:1      | Upgraded the game from 0.26-a0-661-g406de6ba63 to
                  | 0.26-a0-662-g8b9c6dab81
   784 | D:2      | Found a shimmering altar of Xom.
   822 | D:2      | Reached XP level 3. HP: 25/33 MP: 2/2
  1560 | D:2      | Reached XP level 4. HP: 36/41 MP: 3/3
  2134 | D:3      | Found a faded altar of an unknown god.
  2173 | D:3      | Reached skill level 5 in Axes
  2324 | D:3      | Reached XP level 5. HP: 26/47 MP: 4/4
  2771 | D:4      | Noticed a lemure
  2780 | D:4      | Killed a lemure
  2865 | D:4      | Noticed Pikel
  2865 | D:4      | Noticed a lemure
  2865 | D:4      | Noticed a lemure
  2865 | D:4      | Noticed a lemure
  2896 | D:4      | Killed Pikel
  2896 | D:4      | Reached skill level 5 in Fighting
  2896 | D:4      | Reached XP level 6. HP: 45/56 MP: 5/5
  2896 | D:4      | Reached XP level 7. HP: 49/61 MP: 6/6
  3209 | D:4      | Found Ytowizxodd's Armour Shop.
  3240 | D:4      | Bought a +0 buckler for 49 gold pieces
  3404 | D:4      | Reached skill level 10 in Axes
  3414 | D:4      | Reached XP level 8. HP: 41/68 MP: 7/7
  3687 | D:5      | Entered Level 5 of the Dungeon
  3691 | D:5      | Found a glowing golden altar of the Shining One.
  3784 | D:5      | Noticed Duvessa
  3784 | D:5      | Noticed Dowan
  3836 | D:5      | Killed Duvessa
  3837 | D:5      | Killed Dowan
  4368 | D:5      | Found a stormy altar of Qazlal.
  4559 | D:7      | Found a staircase to the Ecumenical Temple.
  4584 | Temple   | Entered the Ecumenical Temple
  4659 | Temple   | Became a worshipper of Warmaster Okawaru
  4773 | D:6      | Reached skill level 6 in Fighting
  5026 | D:6      | Reached skill level 5 in Armour
  5162 | D:6      | Reached XP level 9. HP: 75/75 MP: 8/8
  5400 | D:6      | Reached * piety under Okawaru
  6293 | D:8      | Reached ** piety under Okawaru
  6293 | D:8      | Reached skill level 7 in Fighting
  6330 | D:8      | Paralysed by a hornet for 2 turns
  6642 | D:8      | Noticed Joseph
  6659 | D:8      | Killed Joseph
  6659 | D:8      | Reached skill level 1 in Invocations
  6740 | D:8      | Noticed Prince Ribbit
  6809 | D:8      | Killed Prince Ribbit
  6809 | D:8      | Reached skill level 8 in Fighting
  6809 | D:8      | Reached XP level 10. HP: 88/88 MP: 9/9
  7359 | D:9      | Reached *** piety under Okawaru
  7524 | D:9      | Reached skill level 9 in Fighting
  7907 | D:9      | Noticed Psyche
  7931 | D:8      | Killed Psyche
  8124 | D:10     | Entered Level 10 of the Dungeon
  8259 | D:10     | Reached skill level 10 in Fighting
  8613 | D:10     | Reached **** piety under Okawaru
  9530 | D:11     | Reached XP level 11. HP: 101/101 MP: 9/12
  9564 | D:11     | Found a broken altar of Ashenzari.
  9668 | D:11     | Found a staircase to the Lair.
  9784 | D:11     | Noticed a two-headed ogre
  9790 | D:11     | Reached skill level 11 in Fighting
  9794 | D:11     | Reached skill level 10 in Armour
  9797 | D:11     | Killed a two-headed ogre
  9809 | D:11     | Reached ***** piety under Okawaru
  9826 | D:11     | Received a gift from Okawaru
 10041 | D:11     | Reached skill level 12 in Fighting
 10637 | Lair:1   | Entered Level 1 of the Lair of Beasts
 10830 | Lair:1   | Reached skill level 13 in Fighting
 11499 | Lair:2   | Found a hole to the Spider Nest.
 11526 | Lair:2   | Reached XP level 12. HP: 115/115 MP: 11/14
 11622 | Lair:2   | Received a gift from Okawaru
 11822 | Lair:2   | Reached skill level 14 in Fighting
 12506 | Lair:2   | Found a staircase to the Swamp.
 12521 | Lair:2   | Noticed a boulder beetle
 12534 | Lair:2   | Killed a boulder beetle
 12534 | Lair:2   | Reached skill level 5 in Shields
 13000 | Lair:2   | Received a gift from Okawaru
 13004 | Lair:2   | Got an encrusted scale mail {god gift}
 13015 | Lair:2   | Identified the +2 scale mail of Gluttony {Harm rC+ Int+2
                  | Slay+3} (Okawaru gifted it to you on level 2 of the Lair of
                  | Beasts)
 13021 | Lair:3   | Reached skill level 15 in Fighting
 13082 | Lair:3   | Noticed a seven-headed hydra
 13446 | Lair:2   | Reached skill level 1 in Dodging
 13457 | Lair:2   | Killed a 14-headed hydra
 14220 | Lair:3   | Reached XP level 13. HP: 128/128 MP: 15/15
 14543 | Lair:3   | Noticed Snorg
 14550 | Lair:3   | Killed Snorg
 14893 | Lair:4   | Noticed Fifowuza's ghost (journeyman DrTm)
 14941 | Lair:4   | Found a transporter.
 15154 | Lair:4   | Reached skill level 16 in Fighting
 15222 | Lair:4   | Found a transporter.
 15239 | Lair:4   | Identified 2 scrolls of acquirement
 15723 | Lair:5   | Reached skill level 10 in Shields
 16028 | Lair:5   | Found a staircase to the Slime Pits.
 16914 | D:12     | Reached skill level 5 in Dodging
 17812 | D:12     | Found a staircase to the Orcish Mines.
 18020 | D:13     | Noticed an entropy weaver
 18020 | D:13     | Noticed an entropy weaver
 18036 | D:13     | Killed an entropy weaver
 18048 | D:13     | Killed an entropy weaver
 18110 | D:13     | Received a gift from Okawaru
 18142 | D:13     | Acquired the ring "Eneush" {+Fly AC+4 Int+2}
 18148 | D:13     | Acquired the +1 pair of gloves of Bedevilment {rElec rF-
                  | MR++}
 18212 | D:13     | Reached XP level 14. HP: 138/138 MP: 16/16
 18354 | D:13     | Found a gate to the Vaults.
 18365 | D:13     | Reached skill level 17 in Fighting
 18909 | D:14     | Noticed Nessos
 18922 | D:14     | Killed Nessos
 19299 | D:14     | Received a gift from Okawaru
 19385 | D:15     | Entered Level 15 of the Dungeon
 19907 | D:15     | Reached skill level 15 in Shields
 20017 | D:15     | Received a gift from Okawaru
 20075 | D:15     | Found a staircase to the Depths.
 20080 | D:15     | Reached skill level 18 in Fighting
 20086 | D:15     | Reached XP level 15. HP: 149/149 MP: 14/17
 20430 | Orc:1    | Entered Level 1 of the Orcish Mines
 20930 | Orc:2    | Entered Level 2 of the Orcish Mines
 20975 | Orc:2    | Found a staircase to the Elven Halls.
 20987 | Orc:2    | Noticed Azrael
 20991 | Orc:2    | Slain by an orc warrior

Illustrated notes

Levels and vault maps discovered:
D:1:      heliophobic_arrival_enchanted_forest, layout_basic
D:2:      layout_basic, minivault_27, xom_teletrap_fun
D:3:      layout_loops_ring, chequers_ecumenical_altar_simple
D:4:      layout_basic, serial_shops, shop, kennysheep_nub, uniq_pikel
D:5:      layout_gridville, old_standard_altar, basic_altar, uniq_duvessa
D:6:      layout_basic, minmay_circle_x
D:7:      layout_basic, minmay_temple_entry_overgrown
D:8:      layout_loops_cross, minmay_three_doors, uniq_prince_ribbit1,
          uniq_joseph
D:9:      layout_irregular_city, uniq_psyche
D:10:     layout_gridville
D:11:     layout_loops_corners, lair_entry_dummy, minivault_14,
          evilmike_ruin_ashenzari
D:12:     layout_cave_pools, erik_orc_1, minmay_misc_feat_diagonals,
          hangedman_batty
D:13:     layout_roguey, david_vaults_3, minmay_another_anthill
D:14:     layout_cave_pools, kennysheep_decorative_pillar, uniq_nessos
D:15:     gammafunk_enter_depths_forms, layout_loops_corners
Temple:   grunt_wide_crystal_templ
Lair:1:   layout_cave_pods
Lair:2:   layout_layer_cave, swamp_mist_pool, nicolae_spider_entry_non_spiders
Lair:3:   wad_woods_structure_01, layout_misc_corridors, uniq_snorg
Lair:4:   layout_gridlike, gammafunk_ghost_arena
Lair:5:   layout_regular_city, dpeg_slime_entry_corner, st_stairs_7,
          grunt_megastairs_1
Orc:1:    layout_caves, statue_in_the_mist_lemuel
Orc:2:    st_orc_ogre_mass, layout_caves, serial_shops, shop, uniq_azrael,
          uniq_maurice

Skill      XL: |  1  2  3  4  5  6  7  8  9 10 11 12 13 14 15 |
---------------+----------------------------------------------+-----
Fighting       | 4 5 6 8 10 13 15 16 18 | 18.4
Shields        | 4 8 12 15 | 15.0
Axes           | 3 4 5 9 10 12 14 | 14.0
Armour         | 5 6 9 12 | 12.1
Invocations    | 1 3 4 |  4.6
Dodging        | 2 6 8 9 |  9.1
Stealth        | |  0.1

Action                   |  1- 3 |  4- 6 |  7- 9 | 10-12 | 13-15 || total
-------------------------+-------+-------+-------+-------+-------++-------
Melee: War axe           |    96 |    97 |   312 |   452 |       ||   957
       Headbutt          |    10 |     8 |    59 |   168 |   152 ||   397
       Broad axe         |       |       |       |   122 |   597 ||   719
Invok: Heroism           |       |       |     4 |    29 |    46 ||    79
       Finesse           |       |       |       |     2 |     8 ||    10
  Use: Scroll            |       |     4 |    12 |     4 |    14 ||    34
       Potion            |       |     2 |     2 |     3 |       ||     7
 Stab: Sleeping          |       |       |       |       |     1 ||     1
Armor: Scale mail        |    45 |    54 |   125 |   226 |   116 ||   566
Dodge: Dodged            |    17 |    28 |    99 |   212 |   150 ||   506
       Repelled          |       |       |       |       |     1 ||     1
Block: Kite shield       |    50 |    66 |     9 |       |   386 ||   511
       Buckler           |       |       |    55 |   237 |    15 ||   307
       Reflection        |       |       |       |     9 |    75 ||    84

Table legend: (Time is in decaauts)
 A = Elapsed time spent in this place.
 B = Non-inter-level travel time spent in this place.
 C = Inter-level travel time spent in this place.
 D = Time resting spent in this place.
 E = Time spent auto-exploring this place.
 F = Levels seen in this place.
 G = Mean time per level.
                   A        B        C        D        E       F      G
               +--------+--------+--------+--------+--------+-----+--------+
         Total |  20728 |  19625 |   1103 |    504 |  15220 |  23 |  901.2 |
       Dungeon |  14067 |  13233 |    834 |    283 |   9980 |  15 |  937.8 |
        Temple |     88 |     73 |     15 |      0 |     71 |   1 |   88.0 |
          Lair |   6040 |   5804 |    236 |    221 |   4807 |   5 | 1208.0 |
  Orcish Mines |    532 |    514 |     18 |      0 |    362 |   2 |  266.0 |
               +--------+--------+--------+--------+--------+-----+--------+

Top non-repeatable levels by time:
  Lair:2: 1781 daAuts
    D:11: 1608 daAuts
     D:2: 1333 daAuts
  Lair:3: 1185 daAuts
  Lair:5: 1103 daAuts
  Lair:1: 1054 daAuts
    D:10: 1025 daAuts
    D:12: 996 daAuts
     D:6: 986 daAuts
     D:9: 968 daAuts
     D:8: 950 daAuts
    D:15: 933 daAuts
     D:4: 929 daAuts
  Lair:4: 915 daAuts
    D:13: 888 daAuts
